 Dungeon Crawl Stone Soup version 0.30-a0-946-gec5dcfc036 (webtiles) character file.

Game seed: 13244100330559545028

35 sanka the Trooper (level 3, -1/37 HPs)
             Began as an Ogre Warper on Mar 26, 2023.
             Slain by Jessica
             ... wielding a +2 dagger of speed
              (4 damage)
             ... on level 2 of the Dungeon.
             The game lasted 00:01:47 (1284 turns).

sanka the Trooper (Ogre Warper)                     Turns: 1284, Time: 00:01:48

Health: -1/37      AC:  3    Str: 17    XL:     3   Next: 33%
Magic:  0/6        EV:  9    Int: 14    God:
Gold:   102        SH:  0    Dex:  8    Spells: 6/6 levels left

rFire   . . .      SeeInvis .    a - +0 mace
rCold   . . .      Faith    .    (no shield)
rNeg    . . .      Spirit   +    b - +0 robe
rPois   .          Reflect  .    (helmet restricted)
rElec   .          Rampage  .    (no cloak)
rCorr   .                        (gloves unavailable)
Will    .....                    (boots unavailable)
Stlth   +                        h - amulet of guardian spirit
HPRegen 0.26/turn                (no ring)
MPRegen 0.10/turn                (no ring)

@: no status effects
A: large, unfitting armour, tough skin 1
a: no special abilities


You were on level 2 of the Dungeon.
You visited 1 branch of the dungeon, and saw 2 of its levels.

You collected 102 gold pieces.


Innate Abilities, Weirdness & Mutations

You are too large for most types of armour.
You have tough skin. (AC +1)


   Skills:
 + Level 3.5 Fighting
 * Level 2.9 Maces & Flails
 - Level 1.0 Throwing
 - Level 2.1 Dodging
 - Level 2.4 Spellcasting
 - Level 2.6 Translocations


You had 6 spell levels left.
You didn't know any spells.
Your spell library contained the following spells:

 Spells                   Type           Power      Damage    Failure   Level
 Apportation              Tloc           18%        N/A       8%          1
 Blink                    Tloc           18%        N/A       12%         2
 Lesser Beckoning         Tloc           18%        N/A       12%         2
 Necrotise                Necr           4%         1d4       22%         1
 Summon Small Mammal      Summ           4%         N/A       22%         1
 Teleport Other           Tloc           9%         N/A       22%         3
 Vhi's Electric Charge    Tloc/Air       10%        N/A       36%         3
 Manifold Assault         Tloc           9%         N/A       58%         4
 Passage of Golubria      Tloc           9%         N/A       58%         4
 Silence                  Hex/Air        0%         N/A       99%         5
 Lehudib's Crystal Spear  Conj/Erth      0%         10d2      100%        8

Inventory:

Hand Weapons
 a - a +0 mace (weapon)
Missiles
 d - a boomerang of dispersal (quivered) {=f}
Armour
 b - a +0 robe (worn)
Jewellery
 h - an amulet of guardian spirit (around neck)
Scrolls
 c - a scroll of blinking
 e - a scroll of noise {unknown}
 f - a scroll of fear {unknown}
 g - a scroll of enchant armour {unknown}

Dungeon Overview and Level Annotations

Branches:
Dungeon (2/15)

Altars:

Annotations:
D:2 Jessica

▒.......▒▒....▒
▒▒†▒▒▒▒▒▒▒▒▒▒.▒▒ ▒.▒
▒..▒ ▒+▒▒▒'▒▒▒▒▒▒▒▒▒▒..▒
..
...............▒..▒▒....
...............▒........
...............▒.▒▒.▒▒+▒
...............▒@▒ ...
...............▒O▒ ▒▒.▒
▒+▒▒.....▒▒▒▒▒▒▒.▒ ▒
▒.....▒ ▒.▒ ▒.▒▒.....▒
▒.▒ ▒........▒▒▒▒ ▒.▒
.(....▒...†.▒ ▒..
..▒+▒▒▒+▒▒▒.▒ ▒▒▒
.........<▒'▒▒▒▒
...............▒


You could see Jessica (fast).


Message History

* * * LOW HITPOINT WARNING * * *
Jessica hits you with a +2 dagger of speed.
* * * LOW HITPOINT WARNING * * *
Jessica closely misses you.
Unknown command.
Throw: 4 boomerangs (disperse) {=f}
Aim: Jessica, wielding a +2 dagger of speed and wearing a +0 robe (moderately wounded, fast, 54% to hit)
You throw a boomerang of dispersal {=f}.
The boomerang of dispersal {=f} closely misses Jessica.
Jessica barely misses you.
Jessica hits you with a +2 dagger of speed!
* * * LOW HITPOINT WARNING * * *
Jessica points at you and mumbles some strange words.
Pain shoots through your body!
* * * LOW HITPOINT WARNING * * *
Unknown command.
Throw: 3 boomerangs (disperse) {=f}
Aim: Jessica, wielding a +2 dagger of speed and wearing a +0 robe (moderately wounded, fast, 54% to hit)
You throw a boomerang of dispersal {=f}.
The boomerang of dispersal {=f} barely misses Jessica.
Jessica hits you with a +2 dagger of speed.
* * * LOW HITPOINT WARNING * * *
Jessica closely misses you.
Unknown command.
Throw: 2 boomerangs (disperse) {=f}
Aim: Jessica, wielding a +2 dagger of speed and wearing a +0 robe (moderately wounded, fast, 54% to hit)
You throw a boomerang of dispersal {=f}.
The boomerang of dispersal {=f} completely misses Jessica.
Jessica hits you with a +2 dagger of speed.
You die...

Action                     || total
---------------------------++-------
  Melee: Mace              ||    76
  Throw: Boomerang         ||     6
 Armour: Robe              ||    28
  Dodge: Dodged            ||    36

Levels and vault maps discovered:
D:1:      sevenhm_arrival_forest_fort_large_4, layout_loops_ring, minivault_24
D:2:      layout_basic, small_statue_intersection, uniq_jessica

Notes
Turn   | Place    | Note
-------+----------+-------------------------------------------
     0 | D:1      | sanka the Ogre Warper began the quest for the Orb.
     0 | D:1      | Reached XP level 1. HP: 22/22 MP: 3/3
   154 | D:1      | Reached skill level 2 in Maces & Flails
   174 | D:1      | Reached skill level 3 in Fighting
   225 | D:1      | Reached XP level 2. HP: 31/31 MP: 5/5
   667 | D:1      | Reached XP level 3. HP: 29/37 MP: 6/6
  1245 | D:2      | Noticed Jessica
  1283 | D:2      | HP: 2/37 [Jessica/+2 dagger of speed (2)]
  1284 | D:2      | Slain by Jessica

Vanquished Creatures
  4 dart slugs (D:1)
  3 endoplasms
  A giant cockroach (D:1)
  A goblin (D:2)
  5 hobgoblins
  3 ball pythons (D:1)
  4 bats (D:1)
  2 frilled lizards (D:2)
  A rat (D:1)
24 creatures vanquished.
